 Dungeon Crawl Stone Soup version 0.27.0-1-g7a089689b8 (webtiles) character file.

Game seed: 4571393403496357774

44 dtburroughs the Skirmisher (level 3, -5/49 HPs)
             Began as a Minotaur Berserker on Aug 8, 2021.
             Was a Believer of Trog.
             Killed from afar by Sigmund (11 damage)
             ... with a puff of flame
             ... on level 2 of the Dungeon.
             The game lasted 00:02:21 (1721 turns).

dtburroughs the Skirmisher (Minotaur Berserker)     Turns: 1721, Time: 00:02:22

Health: -5/49      AC:  5    Str: 21    XL:     3   Next: 41%
Magic:  2/2        EV: 11    Int:  5    God:    Trog [**....]
Gold:   31         SH:  0    Dex:  9    Spells: 2/2 levels left

rFire    . . .     SeeInvis .   a - +0 hand axe
rCold    . . .     Faith    .   (no shield)
rNeg     . . .     Spirit   .   h - +0 ring mail
rPois    .         Reflect  .   (helmet restricted)
rElec    .         Harm     .   (no cloak)
rCorr    .         Rampage  .   (no gloves)
Will     .....                  (no boots)
Stlth    ..........             (no amulet)
HPRegen  0.16/turn              (no ring)
MPRegen  0.08/turn              (no ring)

@: berserking, very quick
A: horns 2, retaliatory headbutt
a: Renounce Religion, Berserk, Trog's Hand


You were on level 2 of the Dungeon.
You worshipped Trog.
Trog was pleased with you.
You visited 1 branch of the dungeon, and saw 2 of its levels.

You collected 31 gold pieces.

Inventory:

Hand Weapons
 a - a +0 hand axe (weapon)
Armour
 b - a +0 animal skin
 h - a +0 ring mail (worn)
Scrolls
 e - a scroll of identify {unknown}
 g - a scroll of acquirement {unknown}
Potions
 c - a potion of haste {unknown}
 d - a potion of resistance {unknown}
 f - a potion of attraction {unknown}


   Skills:
 + Level 4.1 Fighting
 + Level 4.1 Axes
 + Level 3.2 Armour
 + Level 2.8 Dodging


You had 2 spell levels left.
You didn't know any spells.
Your spell library was empty.

Dungeon Overview and Level Annotations

Branches:
Dungeon (2/15)

Altars:

Annotations:
D:2 Sigmund


Innate Abilities, Weirdness & Mutations

You have a pair of horns on your head.
You reflexively headbutt those who attack you in melee.


Message History

Sigmund mumbles some strange words.
Sigmund flickers and vanishes!
Deactivating autopickup; reactivate with Ctrl-A.
The jackal bites you but does no damage.
The jackal closely misses you.
You hit the jackal.
The jackal is almost dead.
The jackal bites you but does no damage.
You barely miss the jackal.
The jackal is almost dead.
The jackal bites you. x2
The adder barely misses you. You furiously retaliate!
You headbutt the adder!
You kill the adder!
Trog accepts your kill. The jackal bites you. The jackal barely misses you.
You furiously retaliate!
You headbutt the jackal!
You kill the jackal!
Trog accepts your kill.
You hear a zap.
A puff of flame appears from out of thin air!
The puff of flame misses you. Something hits you but does no damage.
You see here a jackal corpse.
Something hits you.
You hear some strange, mumbled words.
A magic dart appears from out of thin air!
The magic dart hits you!
You closely miss something. Something hits you!
* * * LOW HITPOINT WARNING * * *
A red film seems to cover your vision as you go berserk!
You feel yourself moving faster!
You feel mighty!
You hear some strange, mumbled words.
A puff of flame appears from out of thin air!
The puff of flame hits you!
* * * LOW HITPOINT WARNING * * *
You miss something.
You hear a zap.
A puff of flame appears from out of thin air!
The puff of flame hits you!
You die...

##### #...# #.#.#
#.#@# ###### #.#{#
#####....# #†#.# .
#...#....#
#.#.####...
.........#
#.#..>.....
#...##.###
#.#.†###...
#...##.# #.#..#
#.>.##.# #.#..#
######.#######.#..#


There were no monsters in sight!

Vanquished Creatures
  An adder (D:2)
  A dart slug (D:1)
  An endoplasm (D:1)
  A giant cockroach (D:1)
  5 goblins
  2 hobgoblins (D:1)
  4 jackals (D:2)
  4 quokkas (D:1)
  A ball python (D:1)
  A bat (D:1)
  4 frilled lizards (D:1)
  3 kobolds
  6 rats (D:1)
34 creatures vanquished.

Notes
Turn   | Place    | Note
-------+----------+-------------------------------------------
     0 | D:1      | dtburroughs the Minotaur Berserker began the quest for the
                  | Orb.
     0 | D:1      | Reached XP level 1. HP: 19/19 MP: 0/0
   577 | D:1      | Reached XP level 2. HP: 27/27 MP: 1/1
   779 | D:1      | Reached ** piety under Trog
  1438 | D:1      | Reached XP level 3. HP: 33/33 MP: 2/2
  1704 | D:2      | Noticed Sigmund
  1721 | D:2      | Killed from afar by Sigmund

Illustrated notes

Levels and vault maps discovered:
D:1:      sevenhm_arrival_forest_fort_large_2, layout_basic
D:2:      layout_basic, minmay_pentomino_z4, uniq_sigmund

Skill      XL: |  1  2 |
---------------+-------+-----
Armour         | 3 |  3.2
Fighting       | 4 |  4.1
Axes           | 4 |  4.1
Dodging        | |  2.8

Action                   || total
-------------------------++-------
Melee: Hand axe          ||    59
       Headbutt          ||     8
Invok: Berserk           ||     1
Armor: Animal skin       ||     5
       Ring mail         ||     6
Dodge: Dodged            ||    33
